Map: Jagannatha LE

Players

BBB - Winner!

  • Race: Terran Terran
  • League: Master
  • Spawn Location: 1:00

MarcoMan

  • Race: Protoss Protoss
  • League: Master
  • Spawn Location: 7:00

VOD

Have the link to the VOD?

Description

Time

  • Played on: Jan. 15, 2021, 7:48 p.m.
  • Length: 11:40
Show
View Real Time Build Order
Export as new Build Order

BBB Terran - Winner!

Build Orders: Reaper Expand 

Get SALT Encoding   

  12  0:00  SCV  
  13  0:12  SCV  
  14  0:17  Supply Depot  
  14  0:24  SCV  
  15  0:39  SCV  
  15  0:40  Barracks  
  16  0:43  Refinery  
  16  0:51  SCV  
  17  1:03  SCV  
  18  1:15  SCV  
  19  1:28  Orbital Command  
  19  1:40  Command Center  
  19  1:49  Reaper  
  19  1:54  Supply Depot, SCV  
  21  2:07  Factory  
  21  2:09  SCV  
  21  2:13  Refinery  
  22  2:25  Bunker, Marine  
  23  2:31  SCV  
  24  2:43  SCV  
  25  2:48  Barracks Reactor  
  25  2:53  Starport, Hellion  
  28  2:58  SCV  
  28  3:02  Orbital Command  
  28  3:10  SCV  
  29  3:18  Widow Mine  
  31  3:22  SCV  
  31  3:25  Marine x2  
  34  3:29  SCV  
  34  3:30  Medivac  
  37  3:36  SCV  
  37  3:38  Supply Depot  
  37  3:40  Widow Mine  
  40  3:44  Marine x2  
  40  3:45  SCV  
  43  3:50  SCV  
  44  3:58  SCV  
  45  4:05  Marine  
  45  4:06  Marine  
  45  4:07  Factory Tech Lab, Starport Tech Lab  
  45  4:09  SCV  
  45  4:10  SCV  
  45  4:16  Command Center  
  46  4:21  SCV  
  46  4:23  SCV  
  48  4:25  Marine x2  
  48  4:26  Siege Tank  
  48  4:30  Supply Depot  
  53  4:35  SCV  
  54  4:47  Barracks  
  54  4:49  Barracks  
  54  4:51  Raven, SCV x2  
  58  4:59  Marine x2  
  60  5:04  SCV x2  
  62  5:11  Supply Depot  
  62  5:13  Supply Depot  
  62  5:27  Siege Tank, SCV  
  66  5:31  Marine x2  
  66  5:33  Orbital Command  
  68  5:36  Engineering Bay, SCV, Refinery  
  68  5:37  Engineering Bay  
  68  5:38  Refinery  
  68  5:39  SCV  
  68  5:40  Barracks Tech Lab  
  70  5:46  Marauder  
  70  5:47  Starport Reactor  
  70  5:48  SCV  
  73  5:50  Marine x2  
  73  5:51  SCV  
  76  5:59  Supply Depot, SCV  
  76  6:00  SCV  
  76  6:01  Siege Tank  
  76  6:02  Combat Shield  
  76  6:03  Supply Depot  
  81  6:05  Stimpack  
  81  6:08  SCV  
  82  6:11  SCV  
  82  6:16  Barracks  
  83  6:18  Barracks  
  83  6:19  Marine x2  
  83  6:20  Supply Depot, Marine  
  83  6:21  Marauder, SCV  
  83  6:23  SCV  
  90  6:30  Supply Depot  
  90  6:33  Terran Infantry Armor Level 1, Terran Infantry Weapons Level 1  
  90  6:35  SCV x2  
  90  6:36  SCV  
  93  6:42  Marine x2  
  93  6:43  Marine x2  
  97  6:47  SCV  
  97  6:50  Medivac x2  
  102  6:54  SCV  
  102  6:59  SCV  
  102  7:00  Siege Tank  
  107  7:03  Marine x2  
  107  7:04  Barracks Tech Lab  
  107  7:06  Barracks Reactor, SCV  
  110  7:13  Orbital Command  
  110  7:20  SCV  
  110  7:21  Marauder, Marine x2  
  113  7:27  Marauder, Marine  
  113  7:29  SCV  
  117  7:30  Medivac x2  
  117  7:32  SCV  
  122  7:39  SCV, Marine x2  
  125  7:44  Supply Depot x2  
  125  7:45  Refinery  
  125  7:46  SCV x2  
  125  7:48  Refinery  
  125  7:50  Armory  
  127  8:01  Marauder  
  127  8:02  Marauder x2  
  127  8:05  Marine x3  
  133  8:06  SCV x3  
  133  8:10  Supply Depot  
  133  8:11  Supply Depot  
  139  8:14  Ghost Academy  
  139  8:18  Marine  
  139  8:19  Medivac x2  
  144  8:22  Marine  
  144  8:23  Marauder x2  
  144  8:25  Siege Tank  
  146  8:33  Marine  
  147  8:41  Marauder  
  146  8:43  Marine  
  146  8:44  Marauder, Marine  
  146  8:45  Marauder  
  140  8:48  Marine  
  140  8:51  Marine  
  140  8:54  Medivac  
  144  9:01  SCV, Marine  
  144  9:02  Marauder, Marine  
  138  9:06  Marauder, SCV x2, Marine  
  144  9:10  Marine x2  
  144  9:11  Viking  
  144  9:12  Concussive Shells  
  144  9:15  Supply Depot, Enhanced Shockwaves  
  144  9:16  Starport  
  148  9:18  Supply Depot, SCV x2  
  148  9:19  Command Center, Marine  
  148  9:24  Supply Depot x2, Marauder, Bunker, Marine  
  153  9:25  Marauder  
  153  9:27  Marauder  
  158  9:33  Viking  
  158  9:36  Supply Depot  
  158  9:38  SCV x2  
  161  9:39  SCV  
  161  9:43  Marine x4  
  161  9:45  Marauder, Siege Tank  
  168  9:50  Sensor Tower, SCV x2  
  173  9:58  Viking x2  
  177  10:02  SCV  
  178  10:08  Supply Depot  
  178  10:13  Supply Depot  
  178  10:14  Supply Depot  
  178  10:17  Marauder x3, Marine x4  
  178  10:21  Missile Turret, Viking  
  190  10:28  Viking  
  192  10:29  Barracks  
  192  10:32  Viking  
  192  10:35  Marine  
  195  10:38  Ghost x2  
  195  10:41  Marine  
  200  10:49  Command Center  
  198  11:07  Ghost x2  
  198  11:08  Marine  
  188  11:14  Marauder, Marine  
  188  11:18  Marine x2  
Show
View Real Time Build Order
Export as new Build Order

MarcoMan Protoss 

Build Orders: 1 Gate Expand, Blink Stalkers 

Get SALT Encoding   

  12  0:01  Probe  
  13  0:13  Probe  
  14  0:17  Pylon  
  14  0:25  Probe (Chrono Boost)  
  15  0:37  Gateway, Probe (Chrono Boost)  
  16  0:43  Probe (Chrono Boost)  
  16  0:47  Assimilator  
  17  0:51  Probe  
  18  1:04  Probe  
  19  1:16  Probe  
  20  1:24  Cybernetics Core  
  20  1:37  Nexus  
  20  1:41  Probe  
  20  1:45  Pylon  
  21  1:53  Probe  
  22  1:55  Assimilator  
  22  2:01  Warp Gate  
  22  2:02  Adept (Chrono Boost)  
  22  2:07  Probe  
  25  2:19  Probe  
  26  2:24  Stalker  
  28  2:33  Probe  
  29  2:38  Twilight Council  
  29  2:45  Probe  
  30  2:56  Sentry  
  30  2:57  Probe  
  33  2:59  Gateway  
  33  3:02  Gateway  
  33  3:05  Probe  
  33  3:09  Probe  
  35  3:18  Probe  
  36  3:21  Probe  
  37  3:30  Probe  
  37  3:32  Blink (Chrono Boost)  
  37  3:33  Probe  
  39  3:37  Pylon  
  39  3:42  Probe  
  39  3:45  Probe  
  41  3:54  Probe  
  42  3:57  Probe  
  42  3:59  Stalker x2  
  47  4:06  Probe  
  47  4:09  Probe  
  49  4:13  Pylon  
  49  4:18  Probe  
  49  4:21  Probe  
  51  4:30  Probe  
  51  4:31  Nexus  
  52  4:33  Probe  
  52  4:38  Assimilator  
  53  4:40  Assimilator  
  53  4:42  Probe, Robotics Facility  
  54  4:46  Probe  
  54  4:51  Pylon  
  55  4:54  Probe  
  55  4:58  Probe, Forge  
  57  5:06  Probe  
  48  5:09  Stalker  
  48  5:10  Probe  
  51  5:18  Probe  
  52  5:22  Probe  
  52  5:28  Stalker x2  
  55  5:31  Probe  
  55  5:34  Probe  
  59  5:37  Photon Cannon  
  59  5:38  Charge (Chrono Boost)  
  59  5:39  Photon Cannon  
  59  5:43  Probe x2  
  61  5:51  Photon Cannon  
  61  5:52  Probe  
  61  5:54  Observer  
  61  5:56  Protoss Ground Armor Level 1 (Chrono Boost)  
  63  6:05  Gateway  
  63  6:08  Gateway  
  63  6:15  Observer  
  64  6:18  Probe  
  64  6:21  Probe  
  64  6:25  Gateway, Probe  
  66  6:27  Pylon  
  66  6:29  Shield Battery  
  66  6:31  Probe  
  68  6:36  Observer  
  68  6:38  Probe  
  70  6:41  Robotics Bay  
  70  6:43  Probe  
  70  6:44  Probe  
  72  6:47  Pylon  
  72  6:48  Assimilator  
  72  6:50  Probe  
  73  6:56  Stalker, Probe x2  
  73  7:00  Observer  
  77  7:02  Stalker, Probe  
  80  7:09  Forge  
  80  7:26  Probe  
  80  7:27  Probe  
  80  7:28  Colossus (Chrono Boost)  
  80  7:29  Extended Thermal Lance  
  82  7:30  Assimilator  
  82  7:33  Probe  
  82  7:36  Photon Cannon  
  89  7:43  Stalker x3  
  95  7:47  Pylon  
  95  7:56  Gateway  
  95  7:57  Gateway  
  92  8:04  Zealot x3  
  97  8:08  Pylon  
  97  8:14  Nexus  
  97  8:16  Pylon  
  97  8:17  Pylon  
  97  8:19  Zealot  
  99  8:20  Zealot x2  
  103  8:31  Zealot x3  
  107  8:43  Zealot x3  
  91  8:54  Zealot x2  
  91  8:55  Zealot x3  
  99  8:57  Protoss Ground Weapons Level 1  
  99  8:58  Protoss Ground Armor Level 2  
  99  9:00  Probe  
  99  9:01  Probe  
  99  9:04  Nexus  
  99  9:11  Templar Archives  
  99  9:17  Colossus (Chrono Boost)  
  105  9:33  Photon Cannon  
  105  9:34  Shield Battery  
  105  9:36  Psionic Storm  
  105  9:37  Assimilator  
  105  9:57  Robotics Facility  
  105  10:03  High Templar x6  
  105  10:04  Warp Prism (Chrono Boost), High Templar  
  121  10:08  Archon  
  121  10:09  Archon x2  
  121  10:16  Probe  
  121  10:17  Assimilator, Probe  
  123  10:23  Probe  
  124  10:28  Photon Cannon  
  124  10:29  High Templar, Probe x2  
  124  10:32  Observer (Chrono Boost)  
  124  10:35  Probe  
  130  10:41  Probe  
  131  10:46  Zealot x4  
  131  10:47  Zealot  
  141  10:51  Photon Cannon  
  141  10:52  Observer  
  141  10:53  Shield Battery  
  141  10:55  Photon Cannon  
  142  10:57  Probe x4  
  142  11:05  Zealot x2  
  142  11:06  Zealot  
  142  11:09  Probe  
  128  11:13  Zealot x3  
  126  11:18  Zealot x2  
  130  11:32  Zealot x2  
  114  11:33  Zealot x3  
  114  11:34  Zealot  
Tags
 
Add a new tag
Caveats
  • Supply blocks, unpowered buildings, or Contaminate may cause inaccurate times.
  • Supply counts are checked every 10 seconds.